 Dungeon Crawl Stone Soup version 0.21-a0-243-g597973d (webtiles) character file.

6 tidbits the Skirmisher (level 1, -2/22 HPs)
             Began as a Demigod Wanderer on Sept 4, 2017.
             Slain by a kobold
             ... wielding a +0 short sword
              (5 damage)
             ... on level 1 of the Dungeon.
             The game lasted 00:02:01 (271 turns).

tidbits the Skirmisher (Demigod Wanderer)            Turns: 271, Time: 00:02:02

Health: -2/22      AC:  2    Str: 16    XL:     1   Next: 60%
Magic:  0/4        EV: 11    Int: 14    God:
Gold:   0          SH:  0    Dex: 16    Spells: 1/2 levels left

rFire    . . .     SeeInvis .   a - +0 club
rCold    . . .     Gourm    .   (no shield)
rNeg     . . .     Faith    .   d - +0 robe
rPois    .         Spirit   .   (no helmet)
rElec    .         Reflect  .   (no cloak)
rCorr    .         Harm     .   (no gloves)
MR       .....                  (no boots)
Stlth    +.........             (no amulet)
HPRegen  0.07/turn              (no ring)
MPRegen  0.09/turn              (no ring)

@: no status effects
A: high mp 1
a: no special abilities


You were on level 1 of the Dungeon.
You were not hungry.

You visited 1 branch of the dungeon, and saw 1 of its levels.

Inventory:

Hand Weapons
 a - a +0 club (weapon)
 j - a +2 blowgun
Missiles
 b - a curare-tipped needle
Armour
 d - a +0 robe (worn)
 e - a cursed +0 scale mail
Scrolls
 h - a scroll of teleportation {unknown}
 i - 3 scrolls of noise {unknown}
Potions
 k - a potion of might {unknown}
Books
 c - the Collected Works on Poisoning

   Spells                             Type                      Level
   a - Sting                          Conjuration/Poison           1
   b - Spider Form                    Transmutation/Poison         3
Comestibles
 f - a bread ration
 g - a meat ration


   Skills:
 - Level 4.5 Fighting
 - Level 1.0 Throwing
   Level 1.0 Shields
 - Level 1.0 Spellcasting
   Level 1.0 Summonings
   Level 1.0 Transmutations
 + Level 1.2 Poison Magic


You had one spell level left.
You knew the following spells:

 Your Spells              Type           Power        Failure   Level  Hunger
z - Sting                 Conj/Pois      #...         21%         1    ##.....


Dungeon Overview and Level Annotations

Branches:
Dungeon (1/15)


Innate Abilities, Weirdness & Mutations

You have an increased reservoir of magic. (+10% MP)


Message History

Confirm with . or Enter, or press ? or * to list all spells.
Aiming: Sting
Press: ? - help, Shift-Dir - straight line, f - hobgoblin
Aim: a hobgoblin, wielding a club (resting)
The sting hits the hobgoblin.
The hobgoblin is poisoned.
The hobgoblin is severely wounded.
The hobgoblin shouts!
You kill the hobgoblin!
Your Poison Magic skill increases to level 1!
i - 3 scrolls labeled IXTAJAN QIRA
There are no items here.
You see here a club.
j - a club Wield which item (- for none, * to show all)? (? for menu, Esc to quit)
j - a +0 club (weapon)
Adjust (i)tems, (s)pells, or (a)bilities?
Adjust which item? (? for menu, Esc to quit)
j - a +0 club (weapon)
Adjust to which letter? (? for menu, Esc to quit)
a - a +0 club (weapon);
j - a +2 blowgun Your magical contamination has completely faded away.
k - a sapphire potion You open the door.
A goblin comes into view. It is wielding a dagger.
The goblin shouts!
There is an open door here.
A kobold comes into view. It is wielding a short sword.
Casting: Sting
Confirm with . or Enter, or press ? or * to list all spells.
Aiming: Sting
Press: ? - help, Shift-Dir - straight line, f - goblin
Aim: a goblin, wielding a dagger The sting hits the goblin.
The goblin is poisoned.
The goblin is moderately wounded.
The kobold shouts!
A goblin comes into view. It is wielding a spear.
You kill the goblin!
There is an open door here.
Casting: Sting
Confirm with . or Enter, or press ? or * to list all spells.
Aiming: Sting
Press: ? - help, Shift-Dir - straight line, f - kobold
Aim: a kobold, wielding a short sword You miscast Sting.
You are very lightly contaminated with residual magic.
Nothing appears to happen.
Casting: Sting
Confirm with . or Enter, or press ? or * to list all spells.
Aiming: Sting
Press: ? - help, Shift-Dir - straight line, f/p - kobold
Aim: a kobold, wielding a short sword The sting misses the kobold.
Casting: Sting
Confirm with . or Enter, or press ? or * to list all spells.
Aiming: Sting
Press: ? - help, Shift-Dir - straight line, f/p - kobold
Aim: a kobold, wielding a short sword The sting misses the kobold.
A kobold comes into view. It is wielding a short sword.
There is an open door here.
The kobold shouts!
Casting: Sting
Confirm with . or Enter, or press ? or * to list all spells.
Aiming: Sting
Press: ? - help, Shift-Dir - straight line, f/p - kobold
Aim: a kobold, wielding a short sword You miscast Sting.
You feel faint for a moment.
You hit the kobold but do no damage. The kobold hits you with a short sword.
You barely miss the kobold. The kobold closely misses you.
You closely miss the kobold. The kobold barely misses you.
The kobold hits you with a short sword!
* * * LOW HITPOINT WARNING * * *
The kobold hits you but does no damage.
The kobold throws a stone.
The stone hits you.
* * * LOW HITPOINT WARNING * * *
You see here a stone.
Casting: Sting
Confirm with . or Enter, or press ? or * to list all spells.
Aiming: Sting
Press: ? - help, Shift-Dir - straight line, f - kobold, p - kobold
Aim: a kobold, wielding a short sword The sting hits the kobold.
The kobold is poisoned.
The kobold is severely wounded.
The kobold hits you with a short sword.
* * * LOW HITPOINT WARNING * * *
Casting: Sting
Confirm with . or Enter, or press ? or * to list all spells.
Aiming: Sting
Press: ? - help, Shift-Dir - straight line, f/p - kobold
Aim: a kobold, wielding a short sword The sting hits the kobold.
The kobold looks even sicker.
You kill the kobold!
You miss the kobold. The kobold barely misses you.
The kobold hits you but does no damage.
Your magical contamination has completely faded away.
You barely miss the kobold. The kobold hits you with a short sword.
* * * LOW HITPOINT WARNING * * *
You miss the kobold. The kobold hits you with a short sword.
You die...

#....................##.#####
#....†.......#######.##......
#......(.....# #.########
#............# ### ###
############.# #.. #.# #.#
#.# #.# #K# #.# #@# #.# ###
#.. ###


You could see a kobold.

Vanquished Creatures
  A goblin (D:1)
  2 hobgoblins (D:1)
  A bat (D:1)
  A kobold (D:1)
  A rat (D:1)
6 creatures vanquished.

Notes
Turn   | Place    | Note
-------+----------+-------------------------------------------
     0 | D:1      | tidbits the Demigod Wanderer began the quest for the Orb.
     0 | D:1      | tidbits set off with: a curare-tipped needle, a +2 blowgun, the Collected Works on Poisoning, a +0 robe, a bread ration
     0 | D:1      | Reached XP level 1. HP: 22/22 MP: 4/4
     0 | D:1      | Identified the Collected Works on Poisoning
     2 | D:1      | Learned a level 1 spell: Sting
   205 | D:1      | Reached skill level 1 in Poison Magic
   270 | D:1      | HP: 2/22 [kobold/short sword (5)]
   271 | D:1      | Slain by a kobold

Vault maps used:
D:1:      minmay_arrival_three_doors, doesnt_xom_only_xom

Skill      XL: |  1 |
---------------+----+-----
Poison Magic   | 1 |  1.2
Fighting       | |  4.5
Throwing       | |  1.0
Shields        | |  1.0
Spellcasting   | |  1.0
Summonings     | |  1.0
Transmutations | |  1.0

Action                   || total
-------------------------++-------
Melee: Club              ||     6
       Unarmed           ||     3
 Cast: Sting             ||    11
Armor: Robe              ||     3
Dodge: Dodged            ||     6

Table legend:
 A = Spawn XP
 B = Non-spawn XP
 C = Spawn XP percentage of total XP
 D = Spawn monster count
 E = Non-spawn monster count
 F = Spawn count percentage of total count
 G = Total turns spent on level
                    A         B        C        D         E        F      G
               +---------+---------+-------+---------+---------+-------+---------
         Total |       0 |       9 |   0.0 |       0 |       6 |   0.0 |   271
               +---------+---------+-------+---------+---------+-------+---------
           D:1 |       0 |       9 |   0.0 |       0 |       6 |   0.0 |   271
               +---------+---------+-------+---------+---------+-------+---------

Table legend:
 A = Turns spent in this place as a percentage of turns spent in the entire game.
 B = Non-inter-level travel turns spent in this place as a percentage of non-inter-level travel turns spent in the entire game.
 C = Inter-level travel turns spent in this place as a percentage of turns spent in this place.
 D = Turns resting spent in this place as a percentage of non-inter-level travel turns spent in this place.
 E = Turns spent auto-exploring this place as a percentage of non-inter-level travel turns spent in this place.
 F = Non-inter-level travel turns spent in this place divided by the number of levels of this place that you've seen.
                   A       B       C       D       E      F
               +-------+-------+-------+-------+-------+----------------------
         Total | 100.0 | 100.0 |   8.9 |   0.0 |   0.0 | 247.0
       Dungeon | 100.0 | 100.0 |   8.9 |   0.0 |   0.0 | 247.0
               +-------+-------+-------+-------+-------+----------------------

Table legend:
 A = Kills in this place as a percentage of kills in entire the game.
 B = Kills by you in this place as a percentage of kills by you in the entire game.
 C = Kills by friends in this place as a percentage of kills by friends in the entire game.
 D = Other kills in this place as a percentage of other kills in the entire game.
 E = Experience gained in this place as a percentage of experience gained in the entire game.
 F = Experience gained in this place divided by the number of levels of this place that you have seen.
                   A       B       C       D       E      F
               +-------+-------+-------+-------+-------+----------------------
         Total | 100.0 | 100.0 |   N/A |   N/A | 100.0 |   9.0
       Dungeon | 100.0 | 100.0 |   N/A |   N/A | 100.0 |   9.0
               +-------+-------+-------+-------+-------+----------------------

Vault maps used:
D:1:      minmay_arrival_three_doors, doesnt_xom_only_xom
